[Event "Turkish-ch Youth U18 Girls 2024"]
[Site "Belek Antalya"]
[Date "2024.01.21"]
[Round "1"]
[White "Yilmaz, Gokcen"]
[Black "Gunes, Eylul"]
[Result "1-0"]
[ECO "C50"]
[WhiteElo "1761"]
[BlackElo "1447"]
[Annotator "NA RC COMBH"]
[PlyCount "71"]
[EventDate "2024.01.21"]
[EventType "swiss"]
[EventCountry "TUR"]
[SourceTitle "playchess.com"]
[Source "ChessBase"]
[SourceQuality "1"]
[TimeControl "5400+30"]

1. e4 e5 2. Nf3 Nc6 3. Nc3 Nf6 4. Bb5 Bd6 5. d3 h6 6. a3 a6 7. Bc4 Bc5 8. O-O O-O 9. Ne2 d6 10. h3 Be6 11. Bxe6 fxe6 12. b4 Ba7 13. Ng3 Qe8 14. Nh4 Rd8 15. Be3 Bb8 16. Qd2 Ne7 17. f4 Nh5 18. Ne2 exf4 19. Nxf4 Nxf4 20. Bxf4 g5 21. Bxg5 hxg5 22. Qxg5+ Kh7 23. d4 Rg8 24. Qf6 Ng6 25. Nf3 Rf8 26. Qg5 Nf4 27. Qg4 e5 28. Ng5+ Kh6 29. g3 Ne2+ 30. Qxe2 Kxg5 31. Qg4+ Kh6 32. Rxf8 Qxf8 33. Rf1 Qe7 34. Rf5 Qe8 35. Qg5+ Kh7 36. Rf6 1-0

[Event "Turkish-ch Youth U18 Girls 2024"]
[Site "Belek Antalya"]
[Date "2024.01.21"]
[Round "1"]
[White "Keskin, Elif"]
[Black "Yigit, Cansu"]
[Result "0-1"]
[ECO "D30"]
[WhiteElo "1636"]
[BlackElo "1298"]
[Annotator "NA RC COMBH"]
[PlyCount "60"]
[EventDate "2024.01.21"]
[EventType "swiss"]
[EventCountry "TUR"]
[SourceTitle "playchess.com"]
[Source "ChessBase"]
[SourceQuality "1"]
[TimeControl "5400+30"]

1. d4 d5 2. Nf3 Nf6 3. c4 e6 4. cxd5 Qxd5 5. Nc3 Qd8 6. Bg5 Be7 7. e3 O-O 8. Bd3 Nbd7 9. O-O c5 10. Qe2 cxd4 11. exd4 b6 12. Rfe1 Bb7 13. Rad1 Ng4 14. Bxe7 Qxe7 15. d5 Qd6 16. h3 Ngf6 17. Nb5 Qf4 18. g3 Qh6 19. dxe6 fxe6 20. Nc7 Bxf3 21. Qxf3 Nd5 22. Qg4 Nxc7 23. Bc4 Nf6 24. Bxe6+ Kh8 25. Qc4 Nxe6 26. Qxe6 Rae8 27. Qf5 g6 28. Qf3 Rxe1+ 29. Rxe1 Qxh3 30. Re6 Qxe6 0-1

[Event "Turkish-ch Youth U18 Girls 2024"]
[Site "Belek Antalya"]
[Date "2024.01.21"]
[Round "1"]
[White "Ermemis, Zehra Ece"]
[Black "Uster, Defne"]
[Result "1-0"]
[ECO "B46"]
[WhiteElo "1533"]
[BlackElo "1249"]
[Annotator "NA RC COMBH"]
[PlyCount "51"]
[EventDate "2024.01.21"]
[EventType "swiss"]
[EventCountry "TUR"]
[SourceTitle "playchess.com"]
[Source "ChessBase"]
[SourceQuality "1"]
[TimeControl "5400+30"]

1. e4 c5 2. Nf3 e6 3. d4 cxd4 4. Nxd4 Nf6 5. Nc3 Nc6 6. a3 Be7 7. Be3 a6 8. Be2 d5 9. exd5 Nxd5 10. Nxc6 bxc6 11. Bd4 O-O 12. O-O Bf6 13. Ne4 Bxd4 14. Qxd4 Qh4 15. Rad1 f5 16. Nc5 Nf4 17. Bf3 Rb8 18. b4 Re8 19. Qd6 Bb7 20. g3 Nh3+ 21. Kg2 Qh6 22. Nxb7 Rxb7 23. Bxc6 Rb6 24. Qc7 Rbb8 25. Bxe8 Rxe8 26. Rd8 1-0

[Event "Turkish-ch Youth U18 Girls 2024"]
[Site "Belek Antalya"]
[Date "2024.01.21"]
[Round "1"]
[White "Sovukluk, Ecem Su"]
[Black "Kipik, Feyza"]
[Result "0-1"]
[ECO "B22"]
[WhiteElo "1242"]
[BlackElo "1727"]
[Annotator "NA RC COMBH"]
[PlyCount "88"]
[EventDate "2024.01.21"]
[EventType "swiss"]
[EventCountry "TUR"]
[SourceTitle "playchess.com"]
[Source "ChessBase"]
[SourceQuality "1"]
[TimeControl "5400+30"]

1. e4 c5 2. Nf3 e6 3. c3 Nf6 4. e5 Nd5 5. d4 cxd4 6. cxd4 d6 7. Bd2 Nc6 8. Nc3 Be7 9. Bc4 Nb6 10. Bb3 O-O 11. O-O Na5 12. Bc2 Nac4 13. b3 Nxd2 14. Nxd2 dxe5 15. dxe5 Qd4 16. Nce4 Qxe5 17. Nf3 Qh5 18. Ng3 Qh6 19. Re1 Bd7 20. Ne5 Rad8 21. Ng4 Qf4 22. Re4 Qc7 23. Qd3 f5 24. Re2 Bc8 25. Nh6+ gxh6 26. Qf3 Bg5 27. Rae1 Nd5 28. Bb1 Qc3 29. Qxc3 Nxc3 30. Rc2 Nxb1 31. Rxb1 Bd7 32. Rc4 Bc6 33. h4 Bf6 34. Nh5 Kf7 35. Nxf6 Kxf6 36. g3 Rd2 37. a4 Rfd8 38. Rcc1 Bf3 39. b4 Rd1+ 40. Rxd1 Rxd1+ 41. Rxd1 Bxd1 42. a5 Ke5 43. Kf1 Kd4 44. Ke1 Bb3 0-1

[Event "Turkish-ch Youth U18 Girls 2024"]
[Site "Belek Antalya"]
[Date "2024.01.21"]
[Round "1"]
[White "Barlas, Berra Fatos"]
[Black "Turunz, Dilek"]
[Result "0-1"]
[ECO "D00"]
[WhiteElo "1170"]
[BlackElo "1453"]
[Annotator "NA RC COMBH"]
[PlyCount "90"]
[EventDate "2024.01.21"]
[EventType "swiss"]
[EventCountry "TUR"]
[SourceTitle "playchess.com"]
[Source "ChessBase"]
[SourceQuality "1"]
[TimeControl "5400+30"]

1. d4 d5 2. e3 Nf6 3. Bd3 e6 4. Nd2 c6 5. f4 Nbd7 6. Ngf3 Bd6 7. O-O c5 8. c3 O-O 9. Ne5 Qb6 10. Kh1 Qc7 11. Rf3 c4 12. Bc2 b5 13. Rh3 g6 14. g4 Bb7 15. g5 Ne4 16. Bxe4 dxe4 17. Qg4 Bxe5 18. fxe5 Rfd8 19. Nf1 a5 20. Bd2 Rab8 21. Ng3 Nxe5 22. Qh4 f5 23. Qf4 Rd7 24. Be1 Nf3 25. Qxc7 Rxc7 26. Ne2 Nxg5 27. Bg3 Nxh3 28. Bxc7 Ra8 29. Kg2 Ng5 30. Nf4 Bd5 31. h4 Nf7 32. Nxd5 exd5 33. Bf4 a4 34. a3 Kg7 35. Rg1 h6 36. Kf2 Kf6 37. Be5+ Nxe5 38. dxe5+ Kf7 39. Kg3 g5 40. hxg5 hxg5 41. Rh1 Ke6 42. Rh6+ Kxe5 43. Rb6 f4+ 44. exf4+ gxf4+ 45. Kf2 Rg8 0-1

[Event "Turkish-ch Youth U18 Girls 2024"]
[Site "Belek Antalya"]
[Date "2024.01.22"]
[Round "2"]
[White "Kipik, Feyza"]
[Black "Ermemis, Zehra Ece"]
[Result "0-1"]
[ECO "C26"]
[WhiteElo "1727"]
[BlackElo "1533"]
[Annotator "NA RC COMBH"]
[PlyCount "57"]
[EventDate "2024.01.21"]
[EventType "swiss"]
[EventCountry "TUR"]
[SourceTitle "playchess.com"]
[Source "ChessBase"]
[SourceQuality "1"]
[TimeControl "5400+30"]

1. e4 e5 2. Nc3 Nf6 3. g3 Bc5 4. Bg2 d6 5. d3 Nc6 6. h3 O-O 7. Bd2 Be6 8. Nd5 Bxd5 9. exd5 Nb4 10. g4 Nd7 11. a3 Qh4 12. Be3 Bxe3 13. Qe2 Nxc2+ 14. Qxc2 Bb6 15. Nf3 Qe7 16. O-O Nf6 17. Nd2 Qd7 18. Kh2 Qb5 19. a4 Qd7 20. a5 Bd4 21. Nb3 Rae8 22. Nxd4 exd4 23. Qc4 Re2 24. Qxd4 Qe7 25. Qxa7 Rxb2 26. Rae1 Qd7 27. Qd4 Rb5 28. g5 Nh5 29. Bf3 0-1

[Event "Turkish-ch Youth U18 Girls 2024"]
[Site "Belek Antalya"]
[Date "2024.01.22"]
[Round "2"]
[White "Turunz, Dilek"]
[Black "Tekin, Ceyda"]
[Result "1-0"]
[ECO "D00"]
[WhiteElo "1453"]
[BlackElo "1207"]
[Annotator "NA RC COMBH"]
[PlyCount "55"]
[EventDate "2024.01.21"]
[EventType "swiss"]
[EventCountry "TUR"]
[SourceTitle "playchess.com"]
[Source "ChessBase"]
[SourceQuality "1"]
[TimeControl "5400+30"]

1. d4 d5 2. Nc3 Nf6 3. Bf4 a6 4. e3 Bf5 5. Nf3 e6 6. Ne5 h6 7. Bd3 Bxd3 8. Qxd3 Nbd7 9. h3 c5 10. O-O Be7 11. Bh2 O-O 12. f4 cxd4 13. exd4 Rc8 14. g4 Nxe5 15. fxe5 Nd7 16. Kh1 Nb6 17. Ne2 Qc7 18. c3 Qc4 19. Qe3 Bg5 20. Bf4 Bxf4 21. Nxf4 Qc6 22. g5 hxg5 23. Nh5 Rc7 24. Qxg5 f6 25. Nxf6+ Kf7 26. Nd7+ Ke8 27. Rxf8+ Kxd7 28. Qxg7# 1-0

[Event "Turkish-ch Youth U18 Girls 2024"]
[Site "Belek Antalya"]
[Date "2024.01.22"]
[Round "2"]
[White "Gunes, Eylul"]
[Black "Keskin, Elif"]
[Result "0-1"]
[ECO "D30"]
[WhiteElo "1447"]
[BlackElo "1636"]
[Annotator "NA RC COMBH"]
[PlyCount "57"]
[EventDate "2024.01.21"]
[EventType "swiss"]
[EventCountry "TUR"]
[SourceTitle "playchess.com"]
[Source "ChessBase"]
[SourceQuality "1"]
[TimeControl "5400+30"]

1. d4 d5 2. c4 e6 3. g3 h6 4. Nf3 Nf6 5. Bg2 Bd6 6. O-O O-O 7. Nbd2 b6 8. Ne5 c5 9. e3 cxd4 10. exd4 Bb7 11. a3 Nbd7 12. Ndf3 Rc8 13. b3 dxc4 14. Nxc4 Be7 15. Bf4 Nb8 16. Re1 Nd5 17. Bd2 Nc6 18. Ne3 Bf6 19. Nc2 Na5 20. Bxa5 bxa5 21. Qd3 Rc3 22. Qd2 Rxb3 23. Rab1 a4 24. Ne5 Be7 25. Nc4 Qc7 26. Na5 Rxb1 27. Rxb1 Rb8 28. Nxb7 Rxb7 29. h3 0-1

[Event "Turkish-ch Youth U18 Girls 2024"]
[Site "Belek Antalya"]
[Date "2024.01.22"]
[Round "2"]
[White "Yigit, Cansu"]
[Black "Yilmaz, Gokcen"]
[Result "0-1"]
[ECO "B50"]
[WhiteElo "1298"]
[BlackElo "1761"]
[Annotator "NA RC COMBH"]
[PlyCount "82"]
[EventDate "2024.01.21"]
[EventType "swiss"]
[EventCountry "TUR"]
[SourceTitle "playchess.com"]
[Source "ChessBase"]
[SourceQuality "1"]
[TimeControl "5400+30"]

1. e4 c5 2. Nf3 g6 3. d4 cxd4 4. Nxd4 Bg7 5. Nc3 Nc6 6. Be3 Nf6 7. g3 O-O 8. Bg2 d6 9. h3 Bd7 10. O-O Qc8 11. Kh2 Ne5 12. Nde2 Nc4 13. Bc1 Bc6 14. b3 Nb6 15. Rb1 Qc7 16. f4 Rac8 17. Be3 Rfd8 18. Qd2 d5 19. e5 Ne4 20. Nxe4 dxe4 21. Qb4 Nd5 22. Qd2 Nxf4 23. Qe1 Nxe2 24. Qxe2 Bxe5 25. Qf2 e6 26. Bxa7 Ra8 27. c4 Bxg3+ 28. Qxg3 Qxg3+ 29. Kxg3 Rxa7 30. Kf4 Rxa2 31. Bxe4 Rd4 32. Rfe1 f5 33. Ke5 Rxe4+ 34. Rxe4 fxe4 35. Re1 Rb2 36. Re3 Kf7 37. Kd4 Rd2+ 38. Kc3 Rd3+ 39. Rxd3 exd3 40. Kxd3 g5 41. b4 Bg2 0-1

[Event "Turkish-ch Youth U18 Girls 2024"]
[Site "Belek Antalya"]
[Date "2024.01.22"]
[Round "2"]
[White "Uster, Defne"]
[Black "Sovukluk, Ecem Su"]
[Result "1/2-1/2"]
[ECO "B27"]
[WhiteElo "1249"]
[BlackElo "1242"]
[Annotator "NA RC COMBH"]
[PlyCount "99"]
[EventDate "2024.01.21"]
[EventType "swiss"]
[EventCountry "TUR"]
[SourceTitle "playchess.com"]
[Source "ChessBase"]
[SourceQuality "1"]
[TimeControl "5400+30"]

1. e4 c5 2. Nf3 g6 3. d4 cxd4 4. Qxd4 Nf6 5. e5 Nc6 6. Qf4 Nh5 7. Qd2 Qc7 8. Qc3 e6 9. a3 Ng7 10. Bh6 Nf5 11. Bxf8 Rxf8 12. Nbd2 d6 13. exd6 Nxd6 14. O-O-O Bd7 15. Qf6 Ne7 16. Nb3 Nd5 17. Qd4 Nf5 18. Qe5 Qxe5 19. Nxe5 O-O-O 20. Bc4 Nb6 21. Nc5 Nxc4 22. Ncxd7 Nxe5 23. Nxe5 f6 24. Nf3 Nd6 25. Nd4 Rfe8 26. Rhe1 e5 27. Nb3 Re7 28. f3 Rc7 29. Rd5 b6 30. Red1 Nf7 31. Rxd8+ Nxd8 32. Nd2 Rc6 33. b4 a6 34. c4 Nf7 35. Kc2 Nh6 36. g4 Nf7 37. h4 Nd8 38. Kc3 Rd6 39. Re1 Nc6 40. Ne4 Re6 41. g5 f5 42. Nf6 h6 43. Nd5 hxg5 44. hxg5 Kb7 45. Re3 Nd8 46. Nf6 b5 47. c5 Kc6 48. Rd3 Nf7 49. Nh7 e4 50. Re3 1/2-1/2

[Event "Turkish-ch Youth U18 Girls 2024"]
[Site "Belek Antalya"]
[Date "2024.01.23"]
[Round "3"]
[White "Yilmaz, Gokcen"]
[Black "Turunz, Dilek"]
[Result "1-0"]
[ECO "B22"]
[WhiteElo "1761"]
[BlackElo "1453"]
[Annotator "NA RC COMBH"]
[PlyCount "156"]
[EventDate "2024.01.21"]
[EventType "swiss"]
[EventCountry "TUR"]
[SourceTitle "playchess.com"]
[Source "ChessBase"]
[SourceQuality "1"]
[TimeControl "5400+30"]

1. e4 c5 2. Nf3 a6 3. c3 d5 4. exd5 Qxd5 5. d4 Nf6 6. Be3 cxd4 7. cxd4 e6 8. Nc3 Qd6 9. Bd3 Be7 10. O-O Nc6 11. Rc1 O-O 12. Bb1 Rd8 13. Qe2 Nb4 14. Ng5 Nbd5 15. Nce4 Qb8 16. Qd3 g6 17. Nxf7 Nb4 18. Nh6+ Kg7 19. Qe2 Nxa2 20. Bxa2 Nxe4 21. Ng4 Nf6 22. Nxf6 Bxf6 23. d5 Qe5 24. Rc2 exd5 25. Qd2 Be6 26. Bf4 Qf5 27. Rc7+ Kg8 28. Bb1 Qg4 29. f3 Qh5 30. Rxb7 d4 31. Rb6 Re8 32. Rxe6 Rxe6 33. Ba2 Rae8 34. Re1 Kf7 35. Rxe6 Rxe6 36. Bxe6+ Kxe6 37. Qe2+ Kf7 38. Qxa6 Qc5 39. Qb7+ Kg8 40. b4 Qc3 41. Qb8+ Kf7 42. Qc7+ Qxc7 43. Bxc7 Ke6 44. b5 Kd7 45. b6 d3 46. Kf1 Bc3 47. Kf2 Bd4+ 48. Ke1 Be3 49. f4 Kc6 50. g4 Kb7 51. f5 gxf5 52. gxf5 Bg5 53. h4 Bh6 54. f6 Kc6 55. f7 Kd7 56. Bf4 d2+ 57. Bxd2 Bf8 58. Bf4 Kc6 59. Bc7 Be7 60. Ke2 Kd7 61. Kf3 Bc5 62. Kg4 Kc6 63. Kf5 Kd7 64. Kg5 Bf8 65. Kh5 Kc6 66. Bd8 Kb7 67. Kg5 Bg7 68. h5 Kc6 69. Bf6 Bf8 70. Bd4 Kd7 71. h6 Kc6 72. Bg7 Be7+ 73. Kf5 Kxb6 74. f8=Q Bxf8 75. Bxf8 Kc6 76. Kf6 Kd7 77. Kg7 Ke6 78. Kxh7 Kf7 1-0

[Event "Turkish-ch Youth U18 Girls 2024"]
[Site "Belek Antalya"]
[Date "2024.01.23"]
[Round "3"]
[White "Keskin, Elif"]
[Black "Barlas, Berra Fatos"]
[Result "1-0"]
[ECO "A43"]
[WhiteElo "1636"]
[BlackElo "1170"]
[Annotator "NA RC COMBH"]
[PlyCount "69"]
[EventDate "2024.01.21"]
[EventType "swiss"]
[EventCountry "TUR"]
[SourceTitle "playchess.com"]
[Source "ChessBase"]
[SourceQuality "1"]
[TimeControl "5400+30"]

1. d4 c5 2. d5 Nf6 3. Nc3 g6 4. e4 d6 5. Be2 a6 6. a4 Bg7 7. Nf3 O-O 8. O-O Nbd7 9. Nd2 Ne5 10. f4 Ned7 11. Nc4 Ne8 12. Be3 Nb6 13. Nd2 f5 14. a5 Nd7 15. exf5 Rxf5 16. Bg4 Rf8 17. Be6+ Kh8 18. Nde4 Bf6 19. f5 Ne5 20. fxg6 Bxe6 21. dxe6 Nxg6 22. Ng5 Bxg5 23. Bxg5 Ng7 24. Qd5 Rxf1+ 25. Rxf1 Ne5 26. Qxb7 Rb8 27. Qxe7 Qxe7 28. Bxe7 Nxe6 29. Bxd6 Nd7 30. Bxb8 Kg7 31. Bg3 Nd4 32. Rd1 Kf6 33. Bf2 Ke5 34. Bxd4+ cxd4 35. Ne2 1-0

[Event "Turkish-ch Youth U18 Girls 2024"]
[Site "Belek Antalya"]
[Date "2024.01.23"]
[Round "3"]
[White "Ermemis, Zehra Ece"]
[Black "Yigit, Cansu"]
[Result "1/2-1/2"]
[ECO "C45"]
[WhiteElo "1533"]
[BlackElo "1298"]
[Annotator "NA RC COMBH"]
[PlyCount "142"]
[EventDate "2024.01.21"]
[EventType "swiss"]
[EventCountry "TUR"]
[SourceTitle "playchess.com"]
[Source "ChessBase"]
[SourceQuality "1"]
[TimeControl "5400+30"]

1. e4 e5 2. Nf3 Nc6 3. d4 exd4 4. Nxd4 Bc5 5. Be3 Qf6 6. c3 Nge7 7. Be2 O-O 8. O-O Bb6 9. Na3 d5 10. Nxc6 bxc6 11. Qd3 dxe4 12. Qxe4 Bf5 13. Qf3 Nd5 14. Nc4 Rfe8 15. Rad1 Qe6 16. Nxb6 cxb6 17. Bc4 Bg4 18. Bxd5 Bxf3 19. Bxe6 Bxd1 20. Bxf7+ Kxf7 21. Rxd1 Rad8 22. Ra1 Rd7 23. Kf1 c5 24. a4 a6 25. a5 bxa5 26. Rxa5 Rd1+ 27. Ke2 Rb1 28. Rxa6 Rxb2+ 29. Kd3 Rxe3+ 30. Kxe3 Rc2 31. Ra3 Ke6 32. g4 g6 33. h4 h5 34. g5 Kf5 35. f3 Rh2 36. Ra4 Rc2 37. Rc4 Ke5 38. Rxc5+ Kd6 39. Rc4 Kd5 40. Rd4+ Ke5 41. Re4+ Kf5 42. Rc4 Ke5 43. Rc8 Rh2 44. Re8+ Kf5 45. Rf8+ Ke5 46. Rf6 Rxh4 47. Rxg6 Rc4 48. f4+ Kf5 49. Rf6+ Kg4 50. Kd3 Rc8 51. g6 Rg8 52. f5 h4 53. g7 h3 54. Rh6 Rxg7 55. Rg6+ Rxg6 56. fxg6 h2 57. g7 h1=Q 58. g8=Q+ Kf5 59. Qf7+ Kg4 60. Qg6+ Kf4 61. Qf6+ Kg4 62. Qd4+ Kf5 63. Qd7+ Kg5 64. Kc4 Qe4+ 65. Qd4 Qe2+ 66. Kb4 Qb2+ 67. Kc5 Qa3+ 68. Qb4 Qa7+ 69. Kc6 Qa8+ 70. Qb7 Qe8+ 71. Kb6 Qe3+ 1/2-1/2

[Event "Turkish-ch Youth U18 Girls 2024"]
[Site "Belek Antalya"]
[Date "2024.01.23"]
[Round "3"]
[White "Sovukluk, Ecem Su"]
[Black "Gunes, Eylul"]
[Result "1-0"]
[ECO "C47"]
[WhiteElo "1242"]
[BlackElo "1447"]
[Annotator "NA COMBH"]
[PlyCount "65"]
[EventDate "2024.01.21"]
[EventType "swiss"]
[EventCountry "TUR"]
[SourceTitle "playchess.com"]
[Source "ChessBase"]
[SourceQuality "1"]
[TimeControl "5400+30"]

1. e4 e5 2. Nf3 Nc6 3. d4 exd4 4. Bc4 Nf6 5. O-O Be7 6. Nxd4 O-O 7. Nc3 Bb4 8. Bg5 Ne5 9. Bb3 Bxc3 10. bxc3 h6 11. Bxf6 Qxf6 12. f4 Ng6 13. e5 Qb6 14. Rb1 Qc5 15. Qd3 d5 16. exd6 Qxd6 17. f5 Ne5 18. Qg3 Nd7 19. Qf3 Nf6 20. Kh1 Bd7 21. Rbd1 Qb6 22. Qh3 c5 23. Ne6 Rfe8 24. Rfe1 Re7 25. Nf4 Rxe1+ 26. Rxe1 Bb5 27. Nd5 Nxd5 28. Bxd5 Rd8 29. Be4 Bc6 30. Bd3 Qb2 31. f6 Bd7 32. Qxd7 Rxd7 33. Re8# 1-0

[Event "Turkish-ch Youth U18 Girls 2024"]
[Site "Belek Antalya"]
[Date "2024.01.23"]
[Round "3"]
[White "Tekin, Ceyda"]
[Black "Kipik, Feyza"]
[Result "0-1"]
[ECO "B25"]
[WhiteElo "1207"]
[BlackElo "1727"]
[Annotator "NA RC COMBH"]
[PlyCount "102"]
[EventDate "2024.01.21"]
[EventType "swiss"]
[EventCountry "TUR"]
[SourceTitle "playchess.com"]
[Source "ChessBase"]
[SourceQuality "1"]
[TimeControl "5400+30"]

1. e4 c5 2. Nc3 Nc6 3. g3 g6 4. Bg2 Bg7 5. d3 d6 6. Nge2 e5 7. O-O Nd4 8. Nxd4 exd4 9. Nd5 Nf6 10. Nxf6+ Qxf6 11. f4 O-O 12. f5 g5 13. Bd2 Bd7 14. c3 Rab8 15. Rb1 b5 16. Kh1 Qe7 17. cxd4 Bxd4 18. Bc3 Bf6 19. Bxf6 Qxf6 20. b3 Rfd8 21. Qe2 b4 22. Qb2 Kg7 23. Qxf6+ Kxf6 24. Rbd1 Ke5 25. Bf3 a5 26. Kg2 a4 27. Bh5 Be8 28. f6 h6 29. Rf5+ Kd4 30. Be2 axb3 31. axb3 Kc3 32. Rb1 Ra8 33. Rff1 Ra2 34. Kf3 Rda8 35. Ke3 Rc2 36. Bd1 Rxh2 37. Be2 Ra2 38. Rfc1+ Rc2 39. Rxc2+ Kxc2 40. Ra1 Bd7 41. Ra7 Be6 42. Bg4 Bxg4 43. Ra2+ Kxb3 44. Rxh2 Kc3 45. Rxh6 b3 46. Rh1 b2 47. e5 dxe5 48. Ke4 Kc2 49. Rh2+ Kc1 50. Kxe5 b1=Q 51. Rh1+ Bd1 0-1

[Event "Turkish-ch Youth U18 Girls 2024"]
[Site "Belek Antalya"]
[Date "2024.01.27"]
[Round "7"]
[White "Yilmaz, Gokcen"]
[Black "Barlas, Berra Fatos"]
[Result "1/2-1/2"]
[ECO "B01"]
[WhiteElo "1761"]
[BlackElo "1170"]
[Annotator "NA RC COMBH"]
[PlyCount "51"]
[EventDate "2024.01.21"]
[EventType "swiss"]
[EventCountry "TUR"]
[SourceTitle "playchess.com"]
[Source "ChessBase"]
[SourceQuality "1"]
[TimeControl "5400+30"]

1. e4 d5 2. exd5 Qxd5 3. Nc3 Qa5 4. Bc4 Nf6 5. d3 c6 6. Bd2 Qc7 7. Qe2 Bg4 8. f3 Bh5 9. g4 Bg6 10. h4 h5 11. g5 Nfd7 12. f4 b5 13. Bb3 Nc5 14. Qf3 e6 15. Nxb5 Qb6 16. Nc3 Nxb3 17. axb3 Bd6 18. Be3 Qc7 19. Nb5 cxb5 20. Qxa8 Qxc2 21. Bd2 Qxb2 22. Qxa7 O-O 23. Qa2 Qd4 24. Ne2 Qxd3 25. Qb2 Nc6 26. Rc1 1/2-1/2

[Event "Turkish-ch Youth U18 Girls 2024"]
[Site "Belek Antalya"]
[Date "2024.01.27"]
[Round "7"]
[White "Ermemis, Zehra Ece"]
[Black "Keskin, Elif"]
[Result "1/2-1/2"]
[ECO "B01"]
[WhiteElo "1533"]
[BlackElo "1636"]
[Annotator "NA RC COMBH"]
[PlyCount "41"]
[EventDate "2024.01.21"]
[EventType "swiss"]
[EventCountry "TUR"]
[SourceTitle "playchess.com"]
[Source "ChessBase"]
[SourceQuality "1"]
[TimeControl "5400+30"]

1. e4 d5 2. exd5 Qxd5 3. Nc3 Qa5 4. g3 Nf6 5. Bg2 e5 6. Nf3 Bb4 7. O-O O-O 8. a3 c6 9. Rb1 Bxc3 10. dxc3 Bg4 11. Qd6 Nbd7 12. b4 Qd5 13. Qxd5 cxd5 14. Re1 Rfe8 15. Bb2 Rac8 16. Nd2 Bf5 17. Rbc1 h6 18. Ba1 b5 19. Bf1 a6 20. a4 Rb8 21. Nb1 1/2-1/2

[Event "Turkish-ch Youth U18 Girls 2024"]
[Site "Belek Antalya"]
[Date "2024.01.27"]
[Round "7"]
[White "Gunes, Eylul"]
[Black "Turunz, Dilek"]
[Result "1-0"]
[ECO "A36"]
[WhiteElo "1447"]
[BlackElo "1453"]
[Annotator "NA RC COMBH"]
[PlyCount "52"]
[EventDate "2024.01.21"]
[EventType "swiss"]
[EventCountry "TUR"]
[SourceTitle "playchess.com"]
[Source "ChessBase"]
[SourceQuality "1"]
[TimeControl "5400+30"]

1. e4 c5 2. c4 e6 3. Nc3 Nc6 4. Nge2 d6 5. g3 Ne5 6. Ng1 g6 7. d3 Bg7 8. Bg2 Ne7 9. Nge2 N5c6 10. O-O e5 11. f4 h5 12. fxe5 dxe5 13. Bg5 O-O 14. Nd5 Bg4 15. Qd2 Bxe2 16. Qxe2 Qd6 17. Nf6+ Bxf6 18. Rxf6 Qd7 19. Bh6 Rfe8 20. Raf1 Nd8 21. Qf2 Nec6 22. g4 hxg4 23. Qh4 Re6 24. Bg5 Qd4+ 25. Kh1 Kf8 26. Rxe6 Nb8 1-0

[Event "Turkish-ch Youth U18 Girls 2024"]
[Site "Belek Antalya"]
[Date "2024.01.27"]
[Round "7"]
[White "Sovukluk, Ecem Su"]
[Black "Yigit, Cansu"]
[Result "0-1"]
[ECO "C56"]
[WhiteElo "1242"]
[BlackElo "1298"]
[Annotator "NA RC COMBH"]
[PlyCount "96"]
[EventDate "2024.01.21"]
[EventType "swiss"]
[EventCountry "TUR"]
[SourceTitle "playchess.com"]
[Source "ChessBase"]
[SourceQuality "1"]
[TimeControl "5400+30"]

1. e4 e5 2. Nf3 Nc6 3. d4 exd4 4. Bc4 Nf6 5. O-O Nxe4 6. Re1 d5 7. Bxd5 Qxd5 8. Nc3 Qd7 9. Nxe4 Be7 10. Bg5 O-O 11. Bf4 b6 12. a3 Ba6 13. Nfg5 Bxg5 14. Bxg5 Rfe8 15. Qf3 Qe6 16. Nf6+ gxf6 17. Rxe6 Rxe6 18. Bxf6 Kf8 19. h4 Rae8 20. Kh2 Ne5 21. Bxe5 Rxe5 22. a4 Rc5 23. b4 Rxc2 24. b5 Bc8 25. Qd3 Rxf2 26. Qa3+ Re7 27. Re1 Be6 28. Re4 Ra2 29. Qb4 d3 30. Qd4 Rd7 31. Qh8+ Ke7 32. Qg7 Rd5 33. Rd4 Rxd4 34. Qxd4 d2 35. Kg3 h6 36. Kf4 Rc2 37. Ke3 h5 38. g3 f6 39. g4 Bxg4 40. Qe4+ Kf8 41. Qb4+ Kf7 42. Qb3+ Kg7 43. Qb4 Kf7 44. Qb3+ Ke7 45. Qxc2 d1=Q 46. Qxc7+ Qd7 47. Qc2 Qe6+ 48. Kf2 Qf5+ 0-1

[Event "Turkish-ch Youth U18 Girls 2024"]
[Site "Belek Antalya"]
[Date "2024.01.27"]
[Round "7"]
[White "Tekin, Ceyda"]
[Black "Uster, Defne"]
[Result "0-1"]
[ECO "A23"]
[WhiteElo "1207"]
[BlackElo "1249"]
[Annotator "NA RC COMBH"]
[PlyCount "60"]
[EventDate "2024.01.21"]
[EventType "swiss"]
[EventCountry "TUR"]
[SourceTitle "playchess.com"]
[Source "ChessBase"]
[SourceQuality "1"]
[TimeControl "5400+30"]

1. c4 e5 2. Nc3 Nf6 3. g3 c6 4. Bg2 d5 5. cxd5 cxd5 6. d4 exd4 7. Qxd4 Nc6 8. Qd1 Be6 9. e3 Bd6 10. Nge2 O-O 11. O-O Bc5 12. Nf4 d4 13. Nxe6 fxe6 14. exd4 Bxd4 15. Qb3 Qd7 16. Re1 Rae8 17. Be3 Bxe3 18. Rxe3 Ng4 19. Rd1 Nd4 20. Qc4 Nxe3 21. fxe3 Qf7 22. Rf1 Nf5 23. Bh3 Nxe3 24. Bxe6 Qxe6 25. Rxf8+ Kxf8 26. Qc5+ Re7 27. Qxa7 Qf7 28. Qb8+ Re8 29. Qd6+ Kg8 30. Qd3 Rf8 0-1